 Dungeon Crawl Stone Soup version 0.29.1-2-gbd0b4ee654 (webtiles) character file.

Game seed: 17141066761673396192

49 cdecastro the Sneak (level 3, 0/16 HPs)
             Began as a Spriggan Enchanter on Nov 29, 2022.
             Killed by divine providence
             ... invoked by an orc priest
              (16 damage)
             ... on level 3 of the Dungeon.
             The game lasted 00:02:17 (1493 turns).

cdecastro the Sneak (Spriggan Enchanter)            Turns: 1493, Time: 00:02:18

Health: 0/16       AC:  2    Str:  6    XL:     3   Next: 53%
Magic:  8/8        EV: 17    Int: 16    God:
Gold:   94         SH:  0    Dex: 15    Spells: 5/7 levels left

rFire   . . .      SeeInvis +   e - +1 dagger (drain)
rCold   . . .      Faith    .   (no shield)
rNeg    . . .      Spirit   .   b - +0 robe
rPois   .          Reflect  .   (helmet restricted)
rElec   .          Harm     .   (no cloak)
rCorr   .          Rampage  .   (gloves unavailable)
Will    .....                   (boots unavailable)
Stlth   +++.......              (no amulet)
HPRegen 0.05/turn               (no ring)
MPRegen 0.11/turn               (no ring)

@: very quick
A: very small, no large weapons, unfitting armour, see invisible, speed 3
a: no special abilities


You were on level 3 of the Dungeon.
You visited 1 branch of the dungeon, and saw 3 of its levels.

You collected 94 gold pieces.

Inventory:

Hand Weapons
 e - a +1 dagger of draining (weapon)
Armour
 b - a +0 robe (worn)
Scrolls
 a - a scroll of enchant armour {unknown}
 d - a scroll of poison {unknown}
 f - 2 scrolls of amnesia {unknown}
 g - a scroll of fear {unknown}
 h - a scroll of vulnerability {unknown}
 j - a scroll of immolation {unknown}
 l - a scroll of teleportation {unknown}
 m - a scroll of blinking {unknown}
 n - a scroll of noise {unknown}
Potions
 c - 2 potions of invisibility
 i - a potion of brilliance {unknown}
 k - a potion of degeneration {unknown}


   Skills:
 - Level 1.1 Short Blades
 - Level 2.6 Dodging
 + Level 5.4 Stealth
 - Level 2.6 Spellcasting
 * Level 5.0 Hexes


You had 5 spell levels left.
You knew the following spells:

 Your Spells              Type           Power      Damage    Failure   Level
a - Ensorcelled Hibernat  Hex/Ice        20%        N/A       11%         2

Your spell library contained the following spells:

 Spells                   Type           Power      Damage    Failure   Level
 Slow                     Hex            72%        N/A       2%          1
 Confusing Touch          Hex            18%        N/A       8%          3
 Tukima's Dance           Hex            18%        N/A       8%          3
 Dazzling Flash           Conj/Hex       20%        N/A       21%         3
 Blink                    Tloc           4%         N/A       28%         2
 Vampiric Draining        Necr           2%         2d6       50%         3
 Manifold Assault         Tloc           2%         N/A       99%         5
 Storm Form               Tmut/Air       1%         N/A       100%        7


Dungeon Overview and Level Annotations

Branches:
Dungeon (3/15)

Altars:
Hepliaklqana


Innate Abilities, Weirdness & Mutations

You are very small and have problems with some larger weapons.
You are too small for most types of armour.
You have supernaturally acute eyesight. (SInv)
You cover ground extremely quickly. (Speed+++)


Message History

You hit the frilled lizard. You drain the frilled lizard.
You kill the frilled lizard!
You see here a frilled lizard corpse.
A goblin comes into view. It is wielding a +0 dagger.
Found a scroll labelled YPSIRCH CAKKU.
The goblin shouts!
A goblin is nearby!
A goblin is nearby!
A goblin is nearby!
You barely miss the goblin. You hit the goblin. You drain the goblin.
You kill the goblin!
No target in view!
No target in view!
No target in view!
No target in view!
n - a scroll labelled YPSIRCH CAKKU You see here a +0 leather armour.
You see here a +0 dagger.
You see here a +0 dagger.
There is a stone staircase leading down here.
There is a stone staircase leading down here.
You see here a +0 dagger.
Key pressed, stopping explore.
Done exploring.
Done exploring.
Done exploring.
Done exploring.
You see here a +0 dagger.
There is a stone staircase leading down here.
Search for what [Enter for "."]? .
You climb downwards.
The orc priest shouts!
The orc wizard shouts!
The orc shouts!
The orc priest shouts!
The orc shouts!
Found 16 gold pieces.
There is a stone staircase leading up here.
The orc priest calls down the wrath of Beogh upon you.
Beogh smites you!
Ouch! That really hurt!
You die...

#### ....#
#####
.....#####.....
........o......
.$..o..........
.........o.....
......o.8......
.....o.@#
......### .....
.... #.. .. #


You could see 2 orc priests, an orc wizard and 2 orcs.

Vanquished Creatures
  An adder (D:2)
  2 dart slugs (D:1)
  A bat (D:2)
  2 endoplasms (D:2)
  8 goblins
  7 hobgoblins
  A quokka (D:2)
  5 ball pythons
  2 frilled lizards
  4 rats
33 creatures vanquished.

Notes
Turn   | Place    | Note
-------+----------+-------------------------------------------
     0 | D:1      | cdecastro the Spriggan Enchanter began the quest for the
                  | Orb.
     0 | D:1      | Reached XP level 1. HP: 9/9 MP: 5/5
   154 | D:1      | Found a faded altar of an unknown god.
   172 | D:1      | Reached XP level 2. HP: 7/13 MP: 6/6
   392 | D:1      | Learned a level 2 spell: Ensorcelled Hibernation
   604 | D:1      | Reached skill level 5 in Stealth
   953 | D:2      | Reached XP level 3. HP: 15/16 MP: 8/8
  1200 | D:2      | Found a hazy altar of Hepliaklqana.
  1288 | D:2      | Reached skill level 5 in Hexes
  1493 | D:3      | Killed from afar by an orc priest

Illustrated notes

Levels and vault maps discovered:
D:1:      minmay_arrival_cross, layout_loops_ring,
          nicolae_ecumenical_snake_handling
D:2:      layout_rooms, basic_altar, skrybe_limestone_x
D:3:      layout_rooms, biasface_ghost_orc_armoury, uniq_natasha

Skill      XL: |  1  2  3 |
---------------+----------+-----
Hexes          | 4 5 |  5.0
Stealth        | 5 |  5.4
Short Blades   | |  1.1
Dodging        | |  2.6
Spellcasting   | |  2.6

Action                   || total
-------------------------++-------
Melee: Dagger            ||    86
 Stab: Sleeping          ||    10
Armor: Robe              ||     6
Dodge: Dodged            ||    62
